[Event "Late-Titled-Tuesday-Blitz-February-06-2024"]
[Site "Chess.com"]
[Date "2024.02.06"]
[Round "3"]
[White "jinbojinbo"]
[Black "PoXerStar"]
[Result "1-0"]
[WhiteElo "2627"]
[BlackElo "2430"]
[TimeControl "180+1"]
[EndTime "14:27:54 PST"]
[Termination "jinbojinbo won on time"]

1. Nf3 d5 2. e3 Nf6 3. c4 e6 4. b3 c6 5. Bb2 Bd6 6. Nc3 Nbd7 7. d4 O-O 8. Bd3 b6 9. O-O Bb7 10. Rc1 Qe7 11. Qe2 Rfe8 12. e4 dxe4 13. Nxe4 Nxe4 14. Qxe4 Nf6 15. Qh4 h6 16. c5 Bc7 17.
Ne5 Bxe5 18. dxe5 Nd5 19. Qe4 g6 20. h4 Rad8 21. h5 Qg5 22. hxg6 fxg6 23. Qxg6+ Qxg6 24. Bxg6 Re7 25. Rfd1 Rg7 26. Be4 Rf8 27. g3 Rg4 28.
Bg2 Rf7 29. Rd4 Rg5 30. Ra4 a5 31. cxb6 c5 32. Rxc5 Rgf5 33. f4 Nxb6 34. Raxa5 Bxg2 35. Kxg2 Nd5 36. Ra8+ Kh7 37. Rca5 1-0

[Event "Late-Titled-Tuesday-Blitz-February-06-2024"]
[Site "Chess.com"]
[Date "2024.02.06"]
[Round "3"]
[White "HajiyevKanan"]
[Black "jcmesafischer"]
[Result "1-0"]
[WhiteElo "2605"]
[BlackElo "2373"]
[TimeControl "180+1"]
[EndTime "14:27:54 PST"]
[Termination "HajiyevKanan won by resignation"]

1. d4 Nf6 2. Nf3 d5 3. c4 e6 4. cxd5 exd5 5. Nc3 Be7 6. Qc2 c6 7. Bf4 O-O 8. e3 Nbd7 9. Bd3 Re8 10. O-O Nf8 11.
Rab1 Ng6 12. Bg3 Bd6 13. b4 Bg4 14. Bxd6 Qxd6 15. Nd2 Rac8 16. Na4 Qe7 17. Rfc1 Bd7 18. Nc5 Rb8 19. a4 b6 20. Nxd7 Nxd7 21. Qxc6 Nh4 22. Qxd5 Nf6 23. Qg5 Ng6 24. Bf5 Rbd8 25. h4 Rd5 26. h5 h6 27. Qg3 Nxh5 28. Qf3 Nf6 29. Bxg6 fxg6 30. Rc6 Rf5 31. Qg3 Rg5 32. Qc7 Qf8 33.
Nf3 Rf5 34. Qd6 Ne4 35. Qxf8+ Rexf8 36. Rxg6 Kh7 37. Re6 g5 38. Rxe4 1-0

[Event "Late-Titled-Tuesday-Blitz-February-06-2024"]
[Site "Chess.com"]
[Date "2024.02.06"]
[Round "3"]
[White "JonasEilenberg"]
[Black "GoValya"]
[Result "1-0"]
[WhiteElo "2524"]
[BlackElo "2271"]
[TimeControl "180+1"]
[EndTime "14:27:56 PST"]
[Termination "JonasEilenberg won on time"]

1. e4 e6 2. d4 d5 3. e5 c5 4.
c3 Nc6 5. Nf3 Nge7 6. Be2 cxd4 7. cxd4 Nf5 8. Be3 Be7 9. O-O O-O 10. Nc3 a6 11. Qd2 h6 12. Rac1 Bd7 13. Bd3 Nxe3 14. fxe3 f5 15. exf6 Bxf6 16. Bb1 Ne7 17. Qd3 g6 18. Rf2 Rc8 19. Rcf1 Qb6 20. g4 Kg7 21. h4 Kh7 22. h5 Rg8 23. hxg6+ Nxg6 24. g5 Bxg5 25.
Nxg5+ hxg5 26. Rh2+ 1-0

[Event "Late-Titled-Tuesday-Blitz-February-06-2024"]
[Site "Chess.com"]
[Date "2024.02.06"]
[Round "3"]
[White "rionelG"]
[Black "Pawngobblerx2000"]
[Result "0-1"]
[WhiteElo "2250"]
[BlackElo "2509"]
[TimeControl "180+1"]
[EndTime "14:27:58 PST"]
[Termination "Pawngobblerx2000 won on time"]

1. e4 c5 2. Nf3 d6 3. d4 cxd4 4. Nxd4 Nf6 5. Nc3 g6 6. Be3 Bg7 7. f3 O-O 8. Qd2 Nc6 9. g4 Be6 10. Nxe6 fxe6 11. h4 Nd7 12. Be2 Qc8 13. h5 Nce5 14.
Rh3 Nc4 15. Bxc4 Qxc4 16. hxg6 hxg6 17. Bh6 Ne5 18. O-O-O Rxf3 19. Rxf3 Nxf3 20. Qe3 Ne5 21. Bxg7 Kxg7 22. Rh1 Rh8 23. Rxh8 Qf1+ 24. Nd1 Kxh8 25.
Qxa7 Qf4+ 26. Qe3 Qxg4 27. b3 Qf3 28. Qb6 Kg7 29. Qd8 Kf7 30. Qc7 g5 31. Nc3 g4 32. Nb5 Qe3+ 33. Kb1 Qc5 34. Qxb7 g3 0-1

[Event "Late-Titled-Tuesday-Blitz-February-06-2024"]
[Site "Chess.com"]
[Date "2024.02.06"]
[Round "3"]
[White "FrenchHarvey"]
[Black "mitrabhaa"]
[Result "0-1"]
[WhiteElo "2691"]
[BlackElo "2946"]
[TimeControl "180+1"]
[EndTime "14:27:59 PST"]
[Termination "mitrabhaa won by resignation"]

1. e4 c6 2. Nc3 d5 3. Nf3 dxe4 4.
Nxe4 Nf6 5. Qe2 Nxe4 6. Qxe4 Be6 7. b3 Nd7 8. Bb2 Nf6 9. Qe2 Bf5 10. d3 e6 11.
O-O-O a5 12. Nh4 Bg6 13. Nxg6 hxg6 14. a4 Be7 15. g3 O-O 16. Bg2 Nd5 17. h4 Bf6 18. d4 b5 19. h5 g5 20. h6 g6 21.
Be4 bxa4 22. c4 axb3 23. cxd5 cxd5 24. Bxg6 fxg6 25. Qxe6+ Kh8 26. Kb1 Qc8 27. Qxc8 Rfxc8 28. Rc1 a4 29. Ba3 Kh7 30. Rc5 Rxc5 31. dxc5 Bc3 32.
f4 gxf4 33. gxf4 d4 34. Rd1 Kxh6 35. c6 Rc8 36. Bd6 Rxc6 37. Be5 Kh5 38. Bxd4 Bxd4 39. Rxd4 a3 40. Ra4 a2+ 41. Kb2 Rb6 42. Ka1 b2+ 0-1

[Event "Late-Titled-Tuesday-Blitz-February-06-2024"]
[Site "Chess.com"]
[Date "2024.02.06"]
[Round "3"]
[White "gurudub"]
[Black "RantomOpening"]
[Result "1-0"]
[WhiteElo "2118"]
[BlackElo "2520"]
[TimeControl "180+1"]
[EndTime "14:27:59 PST"]
[Termination "gurudub won by checkmate"]

1. e4 c5 2. Nf3 e6 3. d4 cxd4 4. Nxd4 Nf6 5. Bd3 Nc6 6. Be3 d5 7. exd5 Nxd5 8. Nxc6 bxc6 9. Bd2 Qb6 10. b3 Qd4 11. c4 Qxa1 12. cxd5 Qe5+ 13. Be3 Bb4+ 14. Nd2 Qxd5 15. Qc2 Bxd2+ 16. Bxd2 Qe5+ 17. Be3 Qa1+ 18. Bc1 Bd7 19. O-O Qf6 20. Bb2 Qg5 21. f4 Qa5 22.
Bxg7 Rg8 23. Bf6 Qd5 24. Be4 Qb5 25. Rd1 Qb6+ 26. Kh1 Qc7 27. Qc5 Bc8 28. Bxc6+ Bd7 29. Qe7# 1-0

[Event "Late-Titled-Tuesday-Blitz-February-06-2024"]
[Site "Chess.com"]
[Date "2024.02.06"]
[Round "3"]
[White "dmitrijiIM"]
[Black "ansko1999"]
[Result "1/2-1/2"]
[WhiteElo "2933"]
[BlackElo "2690"]
[TimeControl "180+1"]
[EndTime "14:28:01 PST"]
[Termination "Game drawn by repetition"]

1. d4 Nf6 2. c4 e6 3. Nc3 Bb4 4. e3 O-O 5. Bd2 b6 6. Bd3 Bb7 7. Nf3 d5 8. cxd5 exd5 9. Rc1 Re8 10. O-O Bf8 11. Ne5 c5 12. f4 Nc6 13. Ne2 Ne4 14. Be1 Rc8 15. Bxe4 dxe4 16. Nxf7 Kxf7 17. Qb3+ c4 18. Qxc4+ Kg6 19. f5+ Kh6 20. Bg3 Ne5 21. Qg8 Be7 22. Rxc8 Bxc8 23. Bf4+ Bg5 24. Bxg5+ Qxg5 25. Qxe8 Qxe3+ 26. Kh1 Qxe2 27. Ra1 Qxb2 28. Rf1 Qe2 29. Ra1 Qb2 30. Rf1 Qe2 31. Ra1 Qb2 1/2-1/2

[Event "Late-Titled-Tuesday-Blitz-February-06-2024"]
[Site "Chess.com"]
[Date "2024.02.06"]
[Round "3"]
[White "Arman_Hakemi"]
[Black "ccccvhhhj"]
[Result "1-0"]
[WhiteElo "2666"]
[BlackElo "2454"]
[TimeControl "180+1"]
[EndTime "14:28:01 PST"]
[Termination "Arman_Hakemi won by checkmate"]

1. d4 e5 2. dxe5 d6 3. Nf3 Bg4 4. Bg5 Qd7 5. exd6 Bxd6 6. c3 Nc6 7. Bh4 f6 8. Bg3 O-O-O 9. Bxd6 Qe6 10. e3 Rxd6 11.
Qb3 Qd7 12. Be2 Nge7 13. O-O g5 14. Na3 Be6 15. Qa4 g4 16. Nd4 Kb8 17. Nab5 Rd5 18. Nxe6 Qxe6 19. Bc4 Qd7 20. Bxd5 Qxd5 21. Rad1 Qg5 22.
Nd4 Ne5 23. Kh1 h5 24. Qa5 h4 25. Nb5 N7c6 26. Qxc7+ Ka8 27. Qd6 a6 28. Nc7+ Ka7 29.
Qc5+ Kb8 30. Qb6 h3 31. g3 Qf5 32. f3 Kc8 33. Nd5 Kb8 34. e4 Qg6 35. Qc7+ Ka7 36. Qb6+ Kb8 37. Nc7 gxf3 38. Nxa6+ Ka8 39. Nc5 Kb8 40.
Qxb7# 1-0

[Event "Late-Titled-Tuesday-Blitz-February-06-2024"]
[Site "Chess.com"]
[Date "2024.02.06"]
[Round "3"]
[White "Alex_Sahakyan2006"]
[Black "Vasily85"]
[Result "1-0"]
[WhiteElo "2889"]
[BlackElo "2515"]
[TimeControl "180+1"]
[EndTime "14:28:03 PST"]
[Termination "Alex_Sahakyan2006 won on time"]

1. e4 c5 2. Nf3 Nc6 3. Nc3 g6 4. Bc4 Bg7 5. d3 Nf6 6. e5 Ng8 7. Qe2 d6 8. exd6 Qxd6 9. Ne4 Qc7 10. O-O Nd4 11. Nxd4 cxd4 12. Re1 Nf6 13. Nxf6+ Bxf6 14. Bh6 e6 15. Qf3 Ke7 16. Bd2 a5 17. Re4 Bg7 18.
Bg5+ f6 19. Rae1 e5 20. Rxe5+ Kd8 21. Bxf6+ 1-0

[Event "Late-Titled-Tuesday-Blitz-February-06-2024"]
[Site "Chess.com"]
[Date "2024.02.06"]
[Round "3"]
[White "mbojan"]
[Black "WindWhistler11"]
[Result "1-0"]
[WhiteElo "2852"]
[BlackElo "2509"]
[TimeControl "180+1"]
[EndTime "14:28:05 PST"]
[Termination "mbojan won by checkmate"]

1. d4 Nf6 2. c4 e6 3. Nf3 c5 4. d5 exd5 5. cxd5 Bd6 6. Nc3 O-O 7.
e4 Re8 8. Bd3 Bc7 9. O-O d6 10.
h3 a6 11. Bg5 b5 12. a4 c4 13. Bc2 b4 14. Ne2 h6 15. Bh4 g5 16. Nxg5 hxg5 17. Bxg5 Nbd7 18. Ng3 Re5 19. f4 Rxg5 20. fxg5 Nh7 21.
Nf5 Qxg5 22. Rf3 Kh8 23. Rg3 Qf6 24. Qg4 Bb7 25. Rf1 Ne5 26. Qh5 Rf8 27. Kh2 Bc8 28. Ne3 Qe7 29. Nxc4 Nxc4 30. e5 f5 31.
exf6 Rxf6 32. Rxf6 Qxf6 33. Qxh7# 1-0

[Event "Late-Titled-Tuesday-Blitz-February-06-2024"]
[Site "Chess.com"]
[Date "2024.02.06"]
[Round "3"]
[White "Romadk"]
[Black "alphienothere"]
[Result "0-1"]
[WhiteElo "2533"]
[BlackElo "2250"]
[TimeControl "180+1"]
[EndTime "14:28:05 PST"]
[Termination "alphienothere won by resignation"]

1. d4 Nf6 2. Nf3 c5 3. d5 e6 4. Nc3 exd5 5. Nxd5 Nxd5 6. Qxd5 Nc6 7. Ng5 Qf6 8. Nxh7 Qd4 9. Qxd4 Nxd4 10. Nxf8 Nxc2+ 11. Kd1 Nxa1 12. Ng6 fxg6 13. e4 d6 14. b3 Be6 15.
Bc4 Bxc4 16. bxc4 O-O-O 17. Bb2 b5 18. cxb5 d5 19. Bxg7 Rhe8 20. Bxa1 Rxe4 21. Re1 Rxe1+ 22. Kxe1 d4 23. Kd2 Kb7 24. a4 Kb6 25. Kd3 Ka5 26.
f3 Kxa4 27. h4 Kxb5 28. g4 c4+ 29. Ke2 d3+ 30. Kd2 Re8 31. h5 gxh5 32. gxh5 Re2+ 33. Kd1 Rh2 34. Bd4 Rxh5 35. Bxa7 Rh2 36. f4 Kb4 37.
f5 c3 38. f6 Rh1+ 0-1

[Event "Late-Titled-Tuesday-Blitz-February-06-2024"]
[Site "Chess.com"]
[Date "2024.02.06"]
[Round "3"]
[White "HanSchut"]
[Black "Der_Balak_3Halak"]
[Result "0-1"]
[WhiteElo "2252"]
[BlackElo "2510"]
[TimeControl "180+1"]
[EndTime "14:28:05 PST"]
[Termination "Der_Balak_3Halak won by checkmate"]

1. e4 g6 2. d4 c5 3. Nc3 cxd4 4. Qxd4 Nf6 5. Bg5 Nc6 6. Qd2 Bg7 7. h4 h6 8. Be3 Ng4 9. Bf4 d6 10. f3 Nge5 11. O-O-O a6 12. Kb1 b5 13. Nge2 Nc4 14. Qc1 b4 15. Na4 Qa5 16. Ng3 Na3+ 17. bxa3 Qxa4 18.
Bc4 bxa3 19. Bb3 Rb8 20. Qe3 Be6 21. Rd5 Nd4 22. Rd1 Nxb3 23. cxb3 Bxd5 24. exd5 O-O 25.
Rd3 Rfc8 26. Bxh6 Qc4 27. Bxg7 Qc2+ 28. Ka1 Qc1+ 29. Qxc1 Rxc1# 0-1

[Event "Late-Titled-Tuesday-Blitz-February-06-2024"]
[Site "Chess.com"]
[Date "2024.02.06"]
[Round "3"]
[White "Practical-Play"]
[Black "SuanFernandes"]
[Result "1-0"]
[WhiteElo "2572"]
[BlackElo "2311"]
[TimeControl "180+1"]
[EndTime "14:28:13 PST"]
[Termination "Practical-Play won by resignation"]

1. e4 c6 2. Nc3 d5 3. d4 dxe4 4. Nxe4 Nf6 5. Ng5 Bf5 6. N1f3 h6 7. Nxf7 Kxf7 8. Ne5+ Kg8 9. Bc4+ Nd5 10. Qf3 e6 11. g4 Bxc2 12. Qf7+ Kh7 13. Bb3 Bxb3 14. Qg6+ Kg8 15. Qxe6+ Kh7 16. Qf5+ Kg8 17. axb3 Qf6 18. Qc8 Kh7 19. Qxb7 Bb4+ 20. Ke2 Re8 21. f4 Nxf4+ 22. Bxf4 Qxf4 23. Kd3 c5 24. Kc2 Qd2+ 25. Kb1 Qxd4 26.
Nc4 Qd3+ 27. Ka2 Nd7 28. Rad1 Qf3 29. Qxf3 1-0

[Event "Late-Titled-Tuesday-Blitz-February-06-2024"]
[Site "Chess.com"]
[Date "2024.02.06"]
[Round "3"]
[White "el008"]
[Black "gunslinger222"]
[Result "1-0"]
[WhiteElo "2537"]
[BlackElo "2276"]
[TimeControl "180+1"]
[EndTime "14:28:13 PST"]
[Termination "el008 won on time"]

1. Nf3 d5 2. b3 Nc6 3. Bb2 f6 4. d4 Bg4 5. e3 e5 6. dxe5 Bb4+ 7.
c3 Bc5 8. Be2 Qd7 9. b4 Bb6 10.
a4 a5 11. b5 Nce7 12. exf6 Nxf6 13. h3 Bxf3 14. Bxf3 O-O 15. c4 Nf5 16. O-O Kh8 17. cxd5 Rae8 18. Nc3 Nh4 19. Bg4 Qd6 20. Ne2 Nxg4 21. hxg4 Qg6 22. Nf4 Qg5 23. Ne6 Rxe6 24. dxe6 h5 25. e7 Qxe7 26. Qd5 hxg4 27. Qh5+ Kg8 28.
Qxg4 Bc5 29. Bxg7 1-0

[Event "Late-Titled-Tuesday-Blitz-February-06-2024"]
[Site "Chess.com"]
[Date "2024.02.06"]
[Round "3"]
[White "Yushko_Olga"]
[Black "sakkikuska"]
[Result "1-0"]
[WhiteElo "2225"]
[BlackElo "2526"]
[TimeControl "180+1"]
[EndTime "14:28:14 PST"]
[Termination "Yushko_Olga won on time"]

1. d4 Nf6 2. c4 g6 3. Nc3 d5 4. cxd5 Nxd5 5. Bd2 Bg7 6. e4 Nxc3 7. Bxc3 O-O 8. Nf3 Bg4 9. Be2 c5 10. d5 Bxc3+ 11.
bxc3 Bxf3 12. Bxf3 Qd6 13. O-O Nd7 14. Rb1 b6 15.
Be2 Rad8 16. f4 e5 17. dxe6 Qxe6 18. Bf3 Qxa2 19. Ra1 Qc4 20. Qe1 a5 21. Qe3 Nf6 22. Rfb1 Rd3 23. Qe1 Rxc3 24. Rxb6 Rd8 25. Rxf6 Qd4+ 26.
Kh1 Qxf6 27. e5 Qxf4 28. Qxc3 a4 29. Qxc5 Re8 30. Re1 Qd2 31. Rd1 1-0

[Event "Late-Titled-Tuesday-Blitz-February-06-2024"]
[Site "Chess.com"]
[Date "2024.02.06"]
[Round "3"]
[White "falzehope0"]
[Black "Bala-Afiada"]
[Result "1-0"]
[WhiteElo "2348"]
[BlackElo "2010"]
[TimeControl "180+1"]
[EndTime "14:28:15 PST"]
[Termination "falzehope0 won by resignation"]

1. d4 Nf6 2. e3 e6 3. Bd3 d5 4. f4 g6 5. Nf3 Bg7 6. O-O O-O 7. Nbd2 c5 8. c3 b6 9. Qe2 Bb7 10. Ne5 Qc8 11. b3 Ba6 12. c4 dxc4 13.
bxc4 Bb7 14. Ba3 Rd8 15. Ndf3 Nbd7 16. Rab1 Be4 17. Qc2 Bxd3 18. Qxd3 cxd4 19. exd4 Nxe5 20. fxe5 Nd7 21. Qe2 Qa6 22. Bd6 Rac8 23. Rbc1 Bf8 24. Ng5 Bxd6 25. exd6 Rf8 26. Rc2 h6 27. Ne4 Qb7 28.
c5 bxc5 29. Nxc5 Qc6 30. Rfc1 Qxd6 31. Qe3 Nxc5 32. dxc5 Qe5 33. Qxe5 1-0

[Event "Late-Titled-Tuesday-Blitz-February-06-2024"]
[Site "Chess.com"]
[Date "2024.02.06"]
[Round "3"]
[White "IranianCheetah"]
[Black "Vicmary2005"]
[Result "1-0"]
[WhiteElo "2343"]
[BlackElo "1992"]
[TimeControl "180+1"]
[EndTime "14:28:18 PST"]
[Termination "IranianCheetah won on time"]

1. e4 c5 2. Nf3 Nc6 3. d4 cxd4 4.
Nxd4 e5 5. Nb5 a6 6. Nd6+ Bxd6 7. Qxd6 Qf6 8. Qd1 Qg6 9. f3 Nge7 10. Nc3 d5 11.
Nxd5 Nxd5 12. Qxd5 Be6 13. Qc5 Rc8 14. Qf2 O-O 15.
c3 f5 16. exf5 Bxf5 17. Bc4+ Kh8 18. O-O e4 19. Bd5 exf3 20. Bxf3 Bd3 21. Re1 Rf7 22. Qg3 Rcf8 23. Qxg6 Bxg6 24. Bg5 Rf5 25. Bh4 h6 26. Bg3 R5f6 27. Rad1 Na5 28. Rd7 b5 29. Ree7 Rg8 30.
Be5 1-0

[Event "Late-Titled-Tuesday-Blitz-February-06-2024"]
[Site "Chess.com"]
[Date "2024.02.06"]
[Round "3"]
[White "temus_galaktionov"]
[Black "JM2005GM"]
[Result "1/2-1/2"]
[WhiteElo "2883"]
[BlackElo "2639"]
[TimeControl "180+1"]
[EndTime "14:28:19 PST"]
[Termination "Game drawn by repetition"]

1. d4 Nf6 2. Nf3 d5 3. c4 e6 4. Nc3 Be7 5. Bf4 O-O 6. e3 b6 7. Bd3 dxc4 8. Bxc4 Ba6 9. Bxa6 Nxa6 10. O-O c5 11. Qe2 Qc8 12. Rac1 Qb7 13. Nb5 Rfd8 14. a3 Rac8 15. h3 h6 16. Rfd1 cxd4 17. exd4 Nd5 18. Qe4 Qd7 19. a4 Nxf4 20. Qxf4 Bf6 21. Rxc8 Rxc8 22. Rc1 Rxc1+ 23. Qxc1 Nb4 24. Qf4 a6 25.
Nc3 Nd5 26. Qb8+ Qd8 27. Qb7 Nb4 28. Ne5 Bxe5 29. dxe5 Qd4 30. Qa8+ Kh7 31. Qf3 Kg8 32. Qa8+ Kh7 33. Qf3 Kg8 34. Qa8+ 1/2-1/2

[Event "Late-Titled-Tuesday-Blitz-February-06-2024"]
[Site "Chess.com"]
[Date "2024.02.06"]
[Round "3"]
[White "Arystanner"]
[Black "sotochess"]
[Result "1-0"]
[WhiteElo "2850"]
[BlackElo "2548"]
[TimeControl "180+1"]
[EndTime "14:28:19 PST"]
[Termination "Arystanner won by resignation"]

1. e4 d5 2. exd5 Qxd5 3. Nc3 Qa5 4. d4 c6 5. Nf3 Nf6 6. Ne5 Be6 7. Nc4 Bxc4 8. Bxc4 e6 9. O-O Nbd7 10. Bf4 Bb4 11. Ne2 O-O 12. c3 Be7 13. Ng3 c5 14. dxc5 Qxc5 15.
Bb3 Rfd8 16. Qf3 Qb6 17. Be3 Bc5 18. Bg5 h6 19. Bf4 a5 20. Rab1 Bd6 21. Bxd6 Qxd6 22. Qxb7 Nc5 23. Qf3 Nxb3 24. axb3 Qb6 25. b4 axb4 26. c4 Qd4 27. b3 Qd3 28. Qxd3 Rxd3 29. Rfd1 Rad8 30. Rxd3 Rxd3 31. Kf1 Nd7 32. Ke2 Rc3 33.
Ne4 Rc2+ 34. Ke3 f5 35. Rd1 Nb6 36. Nc5 Nd5+ 37. cxd5 Rxc5 38. d6 Rc8 39. Kd4 Kf7 40. d7 Rd8 41. Kc5 Ke7 42. Kxb4 Rb8+ 43. Kc5 Kd8 44.
b4 e5 45. b5 e4 46. Kc6 f4 47.
Rd4 e3 48. fxe3 fxe3 49. Re4 1-0

[Event "Late-Titled-Tuesday-Blitz-February-06-2024"]
[Site "Chess.com"]
[Date "2024.02.06"]
[Round "3"]
[White "Charodej1"]
[Black "rdarruda"]
[Result "0-1"]
[WhiteElo "2282"]
[BlackElo "2539"]
[TimeControl "180+1"]
[EndTime "14:28:21 PST"]
[Termination "rdarruda won by resignation"]

1. e4 c5 2. Nf3 Nc6 3. d4 cxd4 4. Nxd4 e5 5. Nb5 a6 6. Nd6+ Bxd6 7. Qxd6 Qe7 8. Qxe7+ Ngxe7 9. Nc3 Nb4 10. Kd1 d6 11. a3 Nbc6 12. Be3 Be6 13. f3 O-O-O 14. Be2 d5 15. exd5 Bxd5 16. Ke1 Kc7 17. Rd1 Be6 18. Kf2 Nf5 19. Bd3 Nxe3 20. Kxe3 f5 21. Rhe1 Rhe8 22. Kf2 g6 23. h4 h5 24. Na4 a5 25. Nc5 Bf7 26. Bb5 Rxd1 27. Rxd1 Re7 28. Bxc6 Kxc6 29.
b4 axb4 30. axb4 Kb5 31. Rd7 Rxd7 32. Nxd7 Kxb4 33. Nxe5 Be8 34. c4 f4 35. g3 fxg3+ 36.
Kxg3 Kc5 37. Kf4 Kd4 38. c5 Kxc5 39. Ke3 b5 40. Kd3 b4 41. f4 Kd5 0-1

[Event "Late-Titled-Tuesday-Blitz-February-06-2024"]
[Site "Chess.com"]
[Date "2024.02.06"]
[Round "3"]
[White "CFalcons8"]
[Black "riconaipe"]
[Result "1-0"]
[WhiteElo "2379"]
[BlackElo "2588"]
[TimeControl "180+1"]
[EndTime "14:28:23 PST"]
[Termination "CFalcons8 won by checkmate"]

1. d4 Nf6 2. Nc3 d5 3. Bf4 c6 4. e3 Qb6 5. b3 Bf5 6. Bd3 e6 7. Bxf5 exf5 8. Nge2 Nbd7 9. O-O Ba3 10. Na4 Qa5 11. c4 O-O 12. Rb1 Rfe8 13. Qc2 g6 14. h3 Ne4 15. Rfd1 Rac8 16. Nac3 Bb4 17. Nxe4 fxe4 18. a3 Bf8 19. Ra1 b5 20. b4 Qd8 21.
c5 f5 22. a4 a6 23. axb5 axb5 24. Ra7 g5 25. Bh2 Re7 26. Ng3 Rf7 27. Rda1 f4 28.
exf4 gxf4 29. Nh5 f3 30. Qd2 Qh4 31. Ng3 fxg2 32. Ra8 Rxa8 33. Rxa8 Qxh3 34. Qg5+ Kh8 35. Nh5 Qe6 36. Be5+ Nxe5 37. Rxf8+ Rxf8 38. Qg7# 1-0

[Event "Late-Titled-Tuesday-Blitz-February-06-2024"]
[Site "Chess.com"]
[Date "2024.02.06"]
[Round "3"]
[White "Statham_01"]
[Black "ChessFanNM"]
[Result "1-0"]
[WhiteElo "2594"]
[BlackElo "2356"]
[TimeControl "180+1"]
[EndTime "14:28:23 PST"]
[Termination "Statham_01 won on time"]

1. e4 c6 2. d4 d5 3. f3 Nf6 4.
e5 Nfd7 5. f4 e6 6. Nf3 c5 7. c3 Nc6 8. Bd3 h6 9. a3 Qb6 10. Bc2 a5 11. O-O Be7 12. Ra2 g6 13. Be3 Nf8 14. Nbd2 Bd7 15. Kh1 c4 16. Qe2 a4 17. h3 Qa5 18. Raa1 O-O-O 19. Rfc1 b5 20. Bd1 Be8 21. Ne1 Nd7 22. Nc2 Kb7 23. Nb4 Bf8 24. Qf3 Ndb8 25. Rab1 Nxb4 26. axb4 Qb6 27. Ra1 Bc6 28. Bf2 Be7 29. Kg1 Rdg8 30. g4 Qd8 31. Nb1 Bd7 32. Na3 Kb6 33. Rcb1 Rg7 34. Nxc4+ bxc4 35. Bxa4 Bxa4 36. Rxa4 Nc6 37. Rba1 Rgg8 38. Ra6+ Kb7 39.
b5 Nb8 40. Ra7+ Kb6 41. b3 Bh4 42. bxc4 1-0

[Event "Late-Titled-Tuesday-Blitz-February-06-2024"]
[Site "Chess.com"]
[Date "2024.02.06"]
[Round "3"]
[White "Kosak12"]
[Black "Hikaru"]
[Result "0-1"]
[WhiteElo "2823"]
[BlackElo "3327"]
[TimeControl "180+1"]
[EndTime "14:28:25 PST"]
[Termination "Hikaru won on time"]

1. e4 c5 2. Nf3 e6 3. d4 cxd4 4. Nxd4 a6 5. Bd3 Qc7 6. O-O g6 7. c4 Bg7 8. Nf3 Nc6 9. Nc3 d6 10. Bf4 Bxc3 11. bxc3 e5 12. Be3 Nf6 13. h3 b6 14. Rb1 Rb8 15. Nd2 O-O 16. f4 exf4 17. Bxf4 Nd7 18. Bh6 Re8 19. Nf3 f6 20. Nd4 Nce5 21.
Be2 Nf7 22. Bf4 Nc5 23. Bf3 Bb7 24. Bh2 Bxe4 25. Bxe4 Nxe4 26. Qd3 Rbc8 27. Kh1 f5 28. Nf3 Qxc4 29. Qxc4 Rxc4 30. Rxb6 Ra4 31. g4 fxg4 32. hxg4 Rxa2 33. Nd4 Nf2+ 34. Kg1 Nxg4 35. Bxd6 Ne3 36. Re1 Nxd6 37. Rxd6 Re4 38. Re2 Rxe2 39. Nxe2 Nf5 40. Rd2 a5 41. Kf2 a4 42. Rd8+ Kf7 43. Ra8 h5 44. Ra6 Rc4 45. Kf3 h4 46. Nf4 Rxc3+ 47. Ke4 Re3+ 48. Kd5 g5 49. Ne6 Ne7+ 0-1

[Event "Late-Titled-Tuesday-Blitz-February-06-2024"]
[Site "Chess.com"]
[Date "2024.02.06"]
[Round "3"]
[White "ljuks68"]
[Black "hakanazeri2"]
[Result "0-1"]
[WhiteElo "2423"]
[BlackElo "2621"]
[TimeControl "180+1"]
[EndTime "14:28:25 PST"]
[Termination "hakanazeri2 won on time"]

1. e4 c5 2. Nf3 e6 3. d4 cxd4 4. Nxd4 a6 5. Bd3 Nc6 6. Nxc6 bxc6 7. c4 Nf6 8. Nc3 e5 9. O-O Bc5 10. Be3 Bxe3 11. fxe3 d6 12. c5 O-O 13. cxd6 Qxd6 14. Qe2 Bg4 15. Rxf6 Qd7 16. Qf2 gxf6 17. Bc4 Kg7 18.
Qg3 Kh8 19. Qh4 Rg8 20. Qxf6+ Rg7 21. Qxe5 Bh3 22. Bf1 Bxg2 23. Rd1 Qg4 0-1

[Event "Late-Titled-Tuesday-Blitz-February-06-2024"]
[Site "Chess.com"]
[Date "2024.02.06"]
[Round "3"]
[White "Seochesspie"]
[Black "DeArron_Fox"]
[Result "1-0"]
[WhiteElo "2792"]
[BlackElo "2503"]
[TimeControl "180+1"]
[EndTime "14:28:27 PST"]
[Termination "Seochesspie won on time"]

1. c3 d5 2. d4 Nf6 3. Bf4 c5 4.
e3 Nc6 5. Nd2 Bf5 6. Ngf3 e6 7.
Bb5 Qb6 8. Qa4 Rc8 9. Ne5 Be7 10. O-O O-O 11. Bxc6 bxc6 12. Nb3 cxd4 13. cxd4 c5 14. dxc5 Bxc5 15. Nxc5 Rxc5 16. b4 Rcc8 17. Rfc1 h6 18. Nc6 Kh7 19. Be5 a6 20. Nd4 Bg6 21. Bxf6 gxf6 22.
h3 e5 23. Nf3 Be4 24. Nd2 Bd3 25. Qb3 Be4 26. Rxc8 Rxc8 27. Nxe4 dxe4 28. Qxf7+ Kh8 29. Rd1 1-0

[Event "Late-Titled-Tuesday-Blitz-February-06-2024"]
[Site "Chess.com"]
[Date "2024.02.06"]
[Round "3"]
[White "colegiodemadrid"]
[Black "EcosseKillie"]
[Result "1-0"]
[WhiteElo "2504"]
[BlackElo "2248"]
[TimeControl "180+1"]
[EndTime "14:28:29 PST"]
[Termination "colegiodemadrid won on time"]

1. d4 Nc6 2. Nf3 d5 3. Bf4 Bg4 4. e3 Nf6 5. Be2 e6 6. c4 Bb4+ 7. Nbd2 Ne4 8. O-O Bxf3 9. Nxf3 Bd6 10. Bg3 Nxg3 11. hxg3 O-O 12. Qb3 Na5 13. Qc3 Nxc4 14. Bxc4 dxc4 15. Qxc4 Rc8 16. b4 Qe7 17. a3 c6 18.
Rac1 h6 19. Qd3 Rcd8 20. Qe4 a5 21. bxa5 Bxa3 22. Rb1 Bb4 23. Qe5 Rd5 24. Qf4 Bxa5 25. e4 Rdd8 26. g4 Bc7 27. Qe3 Bb8 28. g5 hxg5 29.
Nxg5 Qf6 30. Nf3 b5 31. e5 Qg6 32. Rbc1 Rc8 33. g3 Ba7 34. Kg2 Rfd8 35. Rh1 c5 36.
dxc5 Rd3 37. Qf4 Rxc5 38. Qh4 Kf8 39. Qh8+ Ke7 40. Qa8 Rd7 41. Rh8 1-0

[Event "Late-Titled-Tuesday-Blitz-February-06-2024"]
[Site "Chess.com"]
[Date "2024.02.06"]
[Round "3"]
[White "kuli4ik"]
[Black "Nouali_Mohamed"]
[Result "1-0"]
[WhiteElo "2863"]
[BlackElo "2574"]
[TimeControl "180+1"]
[EndTime "14:28:30 PST"]
[Termination "kuli4ik won by resignation"]

1. Nf3 Nf6 2. g3 g6 3. b3 Bg7 4. Bb2 O-O 5. Bg2 d5 6. c4 Nc6 7. cxd5 Qxd5 8. Nc3 Qh5 9. h3 Rd8 10. g4 Qa5 11. a3 e5 12. b4 Qb6 13. Rc1 e4 14. Ng5 e3 15. fxe3 Ne5 16. O-O Nexg4 17. hxg4 Nxg4 18. Rxf7 Bh6 19. Nd5 Qd6 20. Ne7+ Qxe7 21. Rxe7 Bxg5 22. Qb3+ Be6 1-0

[Event "Late-Titled-Tuesday-Blitz-February-06-2024"]
[Site "Chess.com"]
[Date "2024.02.06"]
[Round "3"]
[White "GothamChess"]
[Black "DenLaz"]
[Result "0-1"]
[WhiteElo "2692"]
[BlackElo "3045"]
[TimeControl "180+1"]
[EndTime "14:28:30 PST"]
[Termination "DenLaz won by resignation"]

1. d4 f5 2. Qd3 Nc6 3. Nf3 e6 4. Bg5 Be7 5. Bxe7 Qxe7 6. Nc3 Nf6 7. O-O-O d5 8. h3 Ne4 9. Qe3 Bd7 10. g3 O-O-O 11. Bg2 Kb8 12. Nd2 Nd6 13. f4 Qf6 14.
Nf3 h6 15. Ne5 g5 16. Rhf1 Rhg8 17. g4 gxf4 18. Qxf4 Qg7 19. Bf3 fxg4 20. Bxg4 Nxe5 21. Qxe5 Qxe5 22. dxe5 Nc4 23. Rf6 Rge8 24. Rxh6 Nxe5 25. e4 c6 26. Rh7 Rg8 27. Rf1 Nxg4 28. hxg4 Rxg4 29.
Rff7 Bc8 30. e5 d4 31. Na4 d3 32. c4 0-1